 Dungeon Crawl Stone Soup version 0.25-a0-316-gd28d56f9c5 (webtiles) character file.

Game seed: 4442021629818118284, levelgen mode: classic

210 Borgoz the Covered (level 5, 0/49 HPs)
             Began as a Gargoyle Berserker on Dec 24, 2019.
             Was a Believer of Trog.
             Slain by Grinder (3 damage)
             ... on level 3 of the Dungeon.
             The game lasted 00:02:49 (2311 turns).

Borgoz the Covered (Gargoyle Berserker)             Turns: 2311, Time: 00:02:49

Health: 0/49       AC: 12    Str: 26    XL:     5   Next: 87%
Magic:  5/5        EV: 11    Int:  7    God:    Trog [**....]
Gold:   105        SH:  0    Dex: 10    Spells: 4/4 levels left

rFire    . . .     SeeInvis .   a - +0 mace
rCold    . . .     Gourm    .   (no shield)
rNeg     + . .     Faith    .   p - +0 scale mail
rPois    ∞         Spirit   .   (no helmet)
rElec    +         Reflect  .   (no cloak)
rCorr    .         Harm     .   i - +0 pair of gloves
MR       .....                  (no boots)
Stlth    ..........             (no amulet)
HPRegen  0.16/turn              (no ring)
MPRegen  0.09/turn              (no ring)

@: berserking, very quick
A: negative energy resistance 1, electricity resistance, unbreathing,
petrification resistance, rot immunity, AC +4
a: Berserk, Trog's Hand, Renounce Religion


You were on level 3 of the Dungeon.
You worshipped Trog.
Trog was pleased with you.
You were very hungry.

You visited 1 branch of the dungeon, and saw 3 of its levels.

You collected 105 gold pieces.

Inventory:

Hand Weapons
 a - a +0 mace (weapon)
Armour
 i - a +0 pair of gloves (worn)
 p - a +0 scale mail (worn)
Scrolls
 f - a scroll of random uselessness {unknown}
 h - a scroll of identify {unknown}
 l - a scroll of remove curse {unknown}
 o - a scroll of blinking {unknown}
Potions
 b - a potion of haste {unknown}
 e - 4 potions of agility
 g - a potion of degeneration {unknown}
 j - 2 potions of berserk rage {unknown}
 k - 2 potions of might
 n - a potion of mutation {unknown}
 q - a potion of heal wounds
Comestibles
 c - 6 rations
 d - 2 chunks of flesh


   Skills:
 + Level 4.1 Fighting
 + Level 3.7 Maces & Flails
 * Level 4.1 Armour
 * Level 3.1 Dodging


You had 4 spell levels left.
You didn't know any spells.
Your spell library was empty.

Dungeon Overview and Level Annotations

Branches:
Dungeon (3/15)

Altars:

Annotations:
D:3 Grinder


Innate Abilities, Weirdness & Mutations

You are resistant to torment.
Your stone body is resilient. (AC +4)
You are immune to poison.
You resist negative energy. (rN+)
You are resistant to electric shocks. (rElec)
You can survive without breathing.
You are immune to petrification.
You are immune to rotting.


Message History

You can move again.
A red film seems to cover your vision as you go berserk!
You feel yourself moving faster!
You feel mighty!
You are feeling very hungry.
Grinder hits you.
* * * LOW HITPOINT WARNING * * *
You writhe in agony.
* * * LOW HITPOINT WARNING * * *
The goblin hits you.
* * * LOW HITPOINT WARNING * * *
You closely miss Grinder.
Grinder is moderately wounded.
Grinder gestures at you. You resist with significant effort.
You sock Grinder!
Grinder is severely wounded.
The goblin hits you but does no damage. Grinder hits you!
* * * LOW HITPOINT WARNING * * *
You writhe in agony.
You die...

#....#.......
#...........#
#...........#
#...........#
#...........#
###...........#
#......g5.....#
#......@.#
#........#
#........#
#........#
#........#
#........#
####.......)########
...................#
[######...#........#


You could see Grinder and a goblin.

Vanquished Creatures
  Sigmund (D:3)
  An ooze (D:2)
  A worm (D:2)
  A dart slug (D:1)
  A leopard gecko (D:2)
  4 giant cockroaches
  4 hobgoblins
  3 jackals (D:1)
  2 kobolds
  A quokka (D:2)
  A ball python (D:3)
  6 bats
  A frilled lizard (D:1)
  5 goblins
  7 rats
39 creatures vanquished.

Notes
Turn   | Place    | Note
-------+----------+-------------------------------------------
     0 | D:1      | Borgoz the Gargoyle Berserker began the quest for the Orb.
     0 | D:1      | Reached XP level 1. HP: 14/14 MP: 1/1
   277 | D:1      | Reached XP level 2. HP: 13/19 MP: 2/2
   411 | D:1      | You fall into a shaft and drop 1 floor!
   662 | D:2      | Reached XP level 3. HP: 17/23 MP: 3/3
   958 | D:1      | Reached ** piety under Trog
  2119 | D:3      | Noticed Sigmund
  2156 | D:3      | Killed Sigmund
  2156 | D:3      | Reached XP level 4. HP: 16/29 MP: 4/4
  2156 | D:3      | Reached XP level 5. HP: 19/33 MP: 5/5
  2285 | D:3      | Noticed Grinder
  2303 | D:3      | Paralysed by Grinder for 6 turns
  2311 | D:3      | Slain by Grinder

Levels and vault maps discovered:
D:1:      evilmike_arrival_rings, layout_basic, serial_forest,
          infiniplex_forest_corner_1, infiniplex_forest_lined_corner,
          infiniplex_forest_clump_double, infiniplex_forest_end_2,
          infiniplex_forest_lined_1, infiniplex_forest_join,
          infiniplex_forest_lined_corner, infiniplex_forest_corner_1
D:2:      layout_rooms, minmay_pentomino_s2
D:3:      minmay_bubble_buster, layout_basic, eat_drink_and_be_merry_uskayaw,
          uniq_grinder, uniq_sigmund, uniq_ijyb

Skill      XL: |  1  2  3 |
---------------+----------+-----
Dodging        | 2 3 |  3.1
Armour         | 4 |  4.1
Fighting       | 4 |  4.1
Maces & Flails | |  3.7

Action                   |  1- 3 |  4- 6 || total
-------------------------+-------+-------++-------
Melee: Mace              |   150 |    18 ||   168
Invok: Berserk           |     2 |     1 ||     3
  Use: Potion            |     3 |       ||     3
  Eat: Chunk             |     5 |     1 ||     6
Armor: Animal skin       |    46 |       ||    46
       Scale mail        |    35 |    27 ||    62
Dodge: Dodged            |   117 |    12 ||   129

Table legend:
 A = Non-vault XP
 B = Vault XP
 C = Vault XP percentage of total XP
 D = Non-vault monster count
 E = Vault monster count
 F = Vault count percentage of total count
                 A         B        C        D         E       F
            +---------+---------+-------+---------+---------+-------
      Total |      72 |     228 |  76.0 |      37 |       2 |   5.1
            +---------+---------+-------+---------+---------+-------
        D:1 |      36 |       0 |   0.0 |      22 |       0 |   0.0
        D:2 |      30 |       1 |   3.2 |      11 |       1 |   8.3
        D:3 |       6 |     227 |  97.4 |       4 |       1 |  20.0
            +---------+---------+-------+---------+---------+-------
